 Dungeon Crawl Stone Soup version 0.13-a0-2884-gbbf8bdf (webtiles) character file.

427 ddk the Slasher (level 6, -10/39 HPs)
             Began as a High Elf Skald on Aug 29, 2013.
             Was an Initiate of Ashenzari.
             Mangled by Menkaure (19 damage)
             ... on Level 4 of the Dungeon.
             The game lasted 00:11:38 (4290 turns).

ddk the Slasher (High Elf Skald)                    Turns: 4290, Time: 00:11:38

HP -10/39        AC  3     Str 11      XL: 6   Next: 10%
MP   7/15        EV 10     Int 16      God: Ashenzari [......]
Gold 136         SH  9     Dex 17      Spells:  2 memorised,  6 levels left

Res.Fire  : . . .   See Invis. : .   a - +0 elf falchion (curse)
Res.Cold  : . . .   Warding    : .   b - +0 elf leather armour
Life Prot.: . . .   Conserve   : .   o - +0 buckler (curse)
Res.Poison: .       Res.Corr.  : .   (no helmet)
Res.Elec. : .       Clarity    : .   (no cloak)
Sust.Abil.: . .     Spirit.Shd : .   (no gloves)
Res.Mut.  : .       Stasis     : .   (no boots)
Res.Rott. : .       Flight     : .   (no amulet)
Saprovore : . . .                    (no ring)
                                     (no ring)

@: slightly resistant to hostile enchantments, unstealthy
A: no striking features
a: Renounce Religion


You were on level 4 of the Dungeon.
You worshipped Ashenzari.
Ashenzari was pleased with you.
You were not hungry.

You visited 1 branch of the dungeon, and saw 4 of its levels.

You collected 116 gold pieces.

Inventory:

Hand weapons
 a - a cursed +0,+0 elven falchion (weapon)
Armour
 b - a +0 elven leather armour (worn)
 o - a cursed +0 buckler (worn)
Comestibles
 d - 5 bread rations
 k - a meat ration
 r - a pear
 u - a beef jerky
Scrolls
 f - a scroll of identify
 g - a scroll of curse jewellery
 h - 2 scrolls of random uselessness {unknown}
 i - a scroll of magic mapping {unknown}
 j - 2 scrolls of teleportation {unknown}
 p - 3 scrolls of remove curse
 q - a scroll of fog {unknown}
 y - a scroll of blinking {unknown}
Jewellery
 l - an uncursed ring of fire
 s - an uncursed ring of flight
Potions
 e - 2 potions of agility {unknown}
 m - 2 potions of magic
 n - 2 potions of curing
Books
 c - a book of Battle

   Spells                             Type                      Level
   *Infusion                          Charms                       1
   Shroud of Golubria                 Charms/Translocation         2
   *Song of Slaying                   Charms                       2
   Spectral Weapon                    Hexes/Charms                 3
   Regeneration                       Charms/Necromancy            3
   Song of Shielding                  Charms                       4


   Skills:
 - Level 2.0 Fighting
 + Level 7.5 Long Blades
 - Level 0.8 Armour
 - Level 1.1 Dodging
 - Level 1.2 Shields
 - Level 2.4 Spellcasting
 - Level 3.6 Charms


You had 6 spell levels left.
You knew the following spells:

 Your Spells              Type           Power        Failure   Level  Hunger
a - Infusion              Chrm           ##....       6%          1    #......
b - Song of Slaying       Chrm           ##........   10%         2    ##.....


Dungeon Overview and Level Annotations

Branches:
Dungeon (4/27)
 Temple: D:4-7

Altars:
Ashenzari
Nemelex Xobeh

Annotations:
D:4 Menkaure


Message History

* * * LOW HITPOINT WARNING * * *
You hit Menkaure but do no damage.
Menkaure is lightly damaged.
You block Menkaure's attack.
You hit Menkaure!
Menkaure is moderately damaged.
You are feeling less magically infused.
You hit Menkaure!
Menkaure is severely damaged.
Menkaure casts a spell.
Menkaure seems to speed up.
You hit Menkaure.
Menkaure is almost destroyed.
Menkaure casts a spell at you. Pain shoots through your body!
* * * LOW HITPOINT WARNING * * *
You hit Menkaure.
Menkaure is almost destroyed.
Menkaure hits you!
You die...

#######.# #######
#......## ......##
#.####..#
##...#####.####.#.
##.#####<..?(..........#.
.......).(.(.##..........
##.#####.#(#.####.###....
..[?>........# #.# ##.##
##.#####@#...####.###%..#
#M###.........<[.. ...
#########....# .....
#..... #.....# #.....
#.....# #..... #......
#..... ##..#### ...>.....
.## ..........


You could see Menkaure.

Vanquished Creatures
  The ghost of topse123 the Vexing, an average NaEn (D:3)
  2 orc priests (D:3)
  2 orc wizards
  3 adders
  An inept feature mimic (D:3)
  A giant mite (D:1)
  3 giant geckos
  2 oozes (D:3)
  3 orcs (D:3)
  5 bats
  A bat skeleton (D:4)
  7 giant cockroaches
  9 hobgoblins
  4 jackals (D:3)
  5 kobolds
  A ball python (D:3)
  A giant gecko skeleton (D:4)
  4 giant newts
  6 goblins
  4 quokkas
  12 rats
77 creatures vanquished.

Notes
Turn   | Place    | Note
--------------------------------------------------------------
     0 | D:1      | ddk, the High Elf Skald, began the quest for the Orb.
     0 | D:1      | Reached XP level 1. HP: 13/13 MP: 4/4
   307 | D:1      | Reached XP level 2. HP: 18/18 MP: 1/6
   503 | D:1      | Reached skill level 4 in Long Blades
   622 | D:1      | Found a sparkling altar of Nemelex Xobeh.
   649 | D:1      | Reached XP level 3. HP: 17/23 MP: 8/8
  1220 | D:2      | Learned a level 2 spell: Song of Slaying
  1267 | D:2      | Reached skill level 1 in Shields
  1484 | D:2      | Found a shattered altar of Ashenzari.
  1490 | D:2      | Saw a vision of the Swamp and the Spider Nest.
  1490 | D:2      | Noticed a redback
  1490 | D:2      | Noticed a swamp drake
  1490 | D:2      | Noticed an alligator
  1490 | D:2      | Noticed an alligator
  1499 | D:2      | Became a worshipper of Ashenzari the Shackled
  2620 | D:3      | Reached XP level 4. HP: 25/29 MP: 5/11
  2666 | D:3      | Reached skill level 5 in Long Blades
  2875 | D:3      | Noticed topse123's ghost (average NaEn)
  2966 | D:3      | Killed topse123's ghost
  2966 | D:3      | Reached skill level 6 in Long Blades
  2966 | D:3      | Reached XP level 5. HP: 29/34 MP: 3/13
  3537 | D:3      | Reached skill level 7 in Long Blades
  3950 | D:4      | Reached XP level 6. HP: 5/39 MP: 8/15
  4276 | D:4      | Noticed Menkaure
  4290 | D:4      | Mangled by Menkaure

Action                   |  1- 3 |  4- 6 || total
-------------------------+-------+-------++-------
Melee: Falchion          |   152 |   121 ||   273
 Cast: Infusion          |    11 |     8 ||    19
       Song of Slaying   |     3 |     5 ||     8
  Use: Scroll            |     5 |       ||     5
       Potion            |       |     2 ||     2
 Stab: Sleeping          |     1 |       ||     1
